 Dungeon Crawl Stone Soup version 0.29-a0-582-ge82337ba6a (webtiles) character file.

Game seed: 3138898708683735645

144 DocClef the Skirmisher (level 5, -4/45 HPs)
             Began as a Draconian Gladiator on June 14, 2022.
             Slain by a sky beast (6 damage)
             ... on level 3 of the Dungeon.
             The game lasted 00:03:16 (3850 turns).

DocClef the Skirmisher (Draconian Gladiator)        Turns: 3850, Time: 00:03:17

Health: -4/45      AC:  6    Str: 17 (18) XL:     5   Next: 5%
Magic:  5/5        EV: 13    Int:  6 (8)  God:
Gold:   199        SH:  0    Dex: 12 (13) Spells: 4/4 levels left

rFire   . . .      SeeInvis .   k - +0 morningstar
rCold   . . .      Faith    .   (no shield)
rNeg    . . .      Spirit   .   (body armour unavailable)
rPois   .          Reflect  .   b - +0 hat
rElec   .          Harm     .   (no cloak)
rCorr   .          Rampage  .   j - +0 pair of gloves
Will    .....                   (no boots)
Stlth   +.........              (no amulet)
HPRegen 0.15/turn               (no ring)
MPRegen 0.09/turn               (no ring)

@: no status effects
A: AC +5, unfitting armour, cold-blooded
a: no special abilities


You were on level 3 of the Dungeon.
You visited 1 branch of the dungeon, and saw 4 of its levels.

You collected 199 gold pieces.

Inventory:

Hand Weapons
 a - a +0 long sword
 k - a +0 morningstar (weapon)
Missiles
 c - 3 throwing nets (quivered)
 d - 3 javelins
Armour
 b - a +0 hat (worn)
 j - a +0 pair of gloves (worn)
Jewellery
 t - a ring of ice
 w - a ring of see invisible
Scrolls
 f - a scroll of vulnerability {unknown}
 g - a scroll of brand weapon {unknown}
 i - a scroll of enchant armour {unknown}
 l - 3 scrolls of identify {unknown}
 o - a scroll of enchant weapon {unknown}
 q - a scroll of poison {unknown}
 v - a scroll of acquirement {unknown}


   Skills:
 + Level 3.4 Fighting
 - Level 3.1 Long Blades
 + Level 1.9 Maces & Flails
 + Level 2.7 Throwing
 + Level 3.4 Dodging


You had 4 spell levels left.
You didn't know any spells.
Your spell library was empty.

Dungeon Overview and Level Annotations

Branches:
Dungeon (4/15)
 Temple: D:4-7

Altars:
Elyvilon
Ru
Uskayaw


Innate Abilities, Weirdness & Mutations

Your plain brown scales are hard. (AC +5)
You cannot fit into any form of body armour.
You are cold-blooded and may be slowed by cold attacks.


Message History

You see here 11 gold pieces.
A sky beast is nearby!
A sky beast is nearby!
A sky beast is nearby!
The sky beast hits you but does no damage.
You closely miss the sky beast. The sky beast barely misses you.
You miss the sky beast.
Your tail-slap misses the sky beast.
The sky beast closely misses you.
You hit the sky beast.
The sky beast is moderately wounded.
The sky beast flickers out of sight!
Deactivating autopickup; reactivate with Ctrl-A.
Something hits you. Something shocks you. Something hits you.
Something shocks you.
No target in view!
Something hits you but does no damage. Something hits you but does no damage.
Something hits you but does no damage. Something hits you but does no damage.
Something hits you. Something shocks you. Something hits you.
Something shocks you.
There is a stone staircase leading up here.
Something barely misses you.
You climb upwards.
Reactivating autopickup.
There is a stone staircase leading down here.
Deactivating autopickup; reactivate with Ctrl-A.
You miss something. Something barely misses you.
You closely miss something. Something hits you. Something shocks you.
* * * LOW HITPOINT WARNING * * *
Something hits you.
* * * LOW HITPOINT WARNING * * *
Something shocks you.
* * * LOW HITPOINT WARNING * * *
You closely miss something.
Your tail-slap misses something.
Something hits you but does no damage.
You miss something. Something hits you.
* * * LOW HITPOINT WARNING * * *
Something shocks you.
You die...

.......#.# .#####.#.# .# #.#.#
.# #.#.# .#####.#.# .......#.#
...#####.# ##..####.#########
................@#
###.#########.###### #.....#
#........# ##....# #........#
#....# #........#
###..#####........#
#<................#
#####..###.........###########
.....#.# #...................#


There were no monsters in sight!

Vanquished Creatures
  A jelly (D:4)
  An iguana (D:4)
  3 adders
  2 adder zombies (D:2)
  An adder skeleton (D:2)
  2 worms (D:2)
  An orc (D:3)
  2 ball pythons
  A bat (D:1)
  2 endoplasms (D:2)
  5 giant cockroaches
  4 hobgoblins
  6 kobolds
  A quokka (D:3)
  2 ball python skeletons (D:2)
  A ball python zombie (D:2)
  5 frilled lizards
  4 goblins
  A jackal zombie (D:2)
  3 rats (D:1)
48 creatures vanquished.

Notes
Turn   | Place    | Note
-------+----------+-------------------------------------------
     0 | D:1      | DocClef the Draconian Gladiator began the quest for the
                  | Orb.
     0 | D:1      | Reached XP level 1. HP: 17/17 MP: 1/1
   727 | D:1      | Reached XP level 2. HP: 25/25 MP: 2/2
   934 | D:2      | Found a faded altar of an unknown god.
  1055 | D:2      | HP: 1/25 [worm (1)]
  1604 | D:2      | Reached XP level 3. HP: 30/30 MP: 3/3
  1878 | D:2      | Reached skill level 1 in Maces & Flails
  2341 | D:3      | Found a white marble altar of Elyvilon.
  2577 | D:3      | Found a hide-covered altar of Uskayaw.
  2588 | D:3      | Found a sacrificial altar of Ru.
  3046 | D:4      | Reached XP level 4. HP: 21/38 MP: 4/4
  3310 | D:4      | Noticed a sky beast
  3800 | D:4      | Reached XP level 5. HP: 42/45 MP: 5/5
  3850 | D:3      | HP: 2/45 [something (2)]
  3850 | D:3      | Slain by a sky beast

Illustrated notes

Levels and vault maps discovered:
D:1:      minmay_arrival_five_plusses, layout_basic, minmay_surrounded
D:2:      layout_basic, ebering_ecumenical_altar_hall, serial_undead,
          serial_undead_a, serial_undead_e, serial_undead_e, serial_undead_a,
          serial_undead_c, serial_undead_a, chequers_serial_rivers_small_a
D:3:      layout_basic, mainiacjoe_overflow_concentric_impassable,
          mainiacjoe_overflow_large_starburst, kennysheep_decorative_pillar
D:4:      layout_cave_pools, okawaru_altar_gauntlet_db

Skill      XL: |  1  2  3 |
---------------+----------+-----
Throwing       | 2 |  2.7
Dodging        | 3 |  3.4
Maces & Flails | 1 |  1.9
Fighting       | 3 |  3.4
Long Blades    | |  3.1

Action                   |  1- 3 |  4- 6 || total
-------------------------+-------+-------++-------
Melee: Long sword        |    22 |       ||    22
       Tailslap          |    13 |     2 ||    15
       Punch             |     1 |       ||     1
       Morningstar       |   114 |    31 ||   145
  Use: Potion            |       |     8 ||     8
Armor: Skin              |    62 |    24 ||    86
Dodge: Dodged            |   112 |    39 ||   151

Table legend: (Time is in decaauts)
 A = Elapsed time spent in this place.
 B = Non-inter-level travel time spent in this place.
 C = Inter-level travel time spent in this place.
 D = Time resting spent in this place.
 E = Time spent auto-exploring this place.
 F = Levels seen in this place.
 G = Mean time per level.
                   A        B        C        D        E       F      G
               +--------+--------+--------+--------+--------+-----+--------+
         Total |   3918 |   3739 |    179 |    979 |   2223 |   4 |  979.5 |
       Dungeon |   3918 |   3739 |    179 |    979 |   2223 |   4 |  979.5 |
               +--------+--------+--------+--------+--------+-----+--------+

Top non-repeatable levels by time:
     D:3: 1338 daAuts
     D:2: 1220 daAuts
     D:1: 883 daAuts
     D:4: 476 daAuts
